 Dungeon Crawl Stone Soup version 0.29-a0-998-g1987434951 (webtiles) character file.

Game seed: 7306100226416175374

66 Sweeb the Slasher (level 4, -7/28 HPs)
             Began as a Tengu Monk on Aug 6, 2022.
             Killed by divine providence
             ... invoked by an orc priest
              (11 damage)
             ... on level 3 of the Dungeon.
             The game lasted 00:02:15 (2387 turns).

Sweeb the Slasher (Tengu Monk)                      Turns: 2387, Time: 00:02:16

Health: -7/28      AC:  2    Str: 15    XL:     4   Next: 15%
Magic:  5/5        EV: 14    Int: 11    God:
Gold:   184        SH:  0    Dex: 20    Spells: 3/3 levels left

rFire   . . .      SeeInvis .   k - +8 short sword of Plog {vorpal, Str+4 Dex+2}
rCold   . . .      Faith    .   (no shield)
rNeg    . . .      Spirit   .   b - +0 robe
rPois   .          Reflect  .   (helmet restricted)
rElec   .          Harm     .   (no cloak)
rCorr   .          Rampage  .   (no gloves)
Will    .....                   (boots unavailable)
Stlth   ++........              (no amulet)
HPRegen 0.09/turn               (no ring)
MPRegen 0.09/turn               (no ring)

@: no status effects
A: beak, talons 3
a: no special abilities


You were on level 3 of the Dungeon.
You visited 1 branch of the dungeon, and saw 3 of its levels.

You collected 184 gold pieces.

Inventory:

Hand Weapons
 a - a +0 falchion
 k - the +8 short sword of Plog (weapon) {vorpal, Str+4 Dex+2}
   (You found it on level 3 of the Dungeon)

   It inflicts extra damage upon your enemies.
   Str:       It affects your strength (+4).
   Dex:       It affects your dexterity (+2).
Armour
 b - a +0 robe (worn)
Scrolls
 h - 2 scrolls of teleportation
 j - a scroll of acquirement {unknown}
Potions
 c - 2 potions of ambrosia
 d - a potion of berserk rage {unknown}
 e - a potion of invisibility
 f - 3 potions of curing
 g - a potion of degeneration {unknown}
 i - a potion of attraction {unknown}


   Skills:
 + Level 3.4 Fighting
 * Level 4.2 Long Blades
 + Level 3.8 Dodging
 + Level 2.6 Stealth


You had 3 spell levels left.
You didn't know any spells.
Your spell library contained the following spells:

 Spells                   Type           Power      Damage    Failure   Level
 Ensorcelled Hibernation  Hex/Ice        0%         N/A       47%         2
 Passwall                 Tmut/Erth      0%         N/A       47%         2
 Portal Projectile        Hex/Tloc       0%         N/A       71%         3
 Swiftness                Air            0%         N/A       71%         3
 Tukima's Dance           Hex            0%         N/A       71%         3
 Blade Hands              Tmut           0%         N/A       100%        5


Dungeon Overview and Level Annotations

Branches:
Dungeon (3/15)

Altars:
Elyvilon

Shops:
D:1 ?


Innate Abilities, Weirdness & Mutations

You have a beak for a mouth.
You have claws for feet.


Message History

The ball python hisses angrily.
You hit the kobold.
You kill the kobold!
Things that are here:
a +0 short sword; 4 stones You puncture the ball python!
You kill the ball python!
No target in view!
You now have 184 gold pieces (gained 20).
Found a stone staircase leading up.
An endoplasm comes into view.
Found a pair of gloves.
An endoplasm is nearby!
The endoplasm quivers.
An orc priest comes into view.
It is wielding a +0 dagger of protection.
Found a quarterstaff.
The endoplasm freezes you.
You are frozen.
You puncture the endoplasm!
You kill the endoplasm!
Found a viscous red potion.
The orc shouts!
The orc wizard casts a spell at you. The magic dart hits you!
An orc comes into view. It is wielding a +0 flail.
The orc priest invokes the aid of Beogh against you.
Beogh smites you!
* * * LOW HITPOINT WARNING * * *
An orc priest comes into view. It is wielding a +0 mace.
The orc shouts!
The orc priest shouts!
You are too injured to fight recklessly!
You are too injured to fight recklessly!
You closely miss the orc priest.
The orc priest looks braver for a moment.
The orc priest barely misses you.
You puncture the orc priest! Your peck misses the orc priest.
The orc priest is almost dead.
The orc priest calls down the wrath of Beogh upon you.
Beogh smites you!
You die...

.... .......# ♣♣...
............# # ....
♣..)≈ ...^.........
..####...## ♣♣..≈≈
.....o..### ..#......#
♣...~~ ..oo####........#
♣♣..≈≈ ..o).[..........#
♣...≈ #............<..#
♣♣... ................#
♣♣.. #.....o@........#
♣♣. .............####
♣♣.. ##...........##.##
♣♣...
##...##...#.....##♣...≈
!......####..........≈≈
.##.....#.....†.......~~
#...................≈≈
#.............##.....≈
.....#....)..##......


You could see 2 orc priests, an orc wizard and 2 orcs.

Vanquished Creatures
  An adder (D:3)
  2 worms (D:2)
  3 dart slugs
  4 orcs (D:3)
  4 ball pythons
  4 endoplasms
  2 goblins
  2 hobgoblins
  4 jackals (D:1)
  3 kobolds
  A quokka (D:3)
  2 bats
  3 frilled lizards (D:1)
  4 rats
  A spectral goblin (D:1)
40 creatures vanquished.

Notes
Turn   | Place    | Note
-------+----------+-------------------------------------------
     0 | D:1      | Sweeb the Tengu Monk began the quest for the Orb.
     0 | D:1      | Reached XP level 1. HP: 14/14 MP: 2/2
    85 | D:1      | Reached XP level 2. HP: 15/19 MP: 3/3
   386 | D:1      | Found Engyjede's Magic Scroll Boutique.
   760 | D:1      | Found a faded altar of an unknown god.
  1142 | D:2      | Reached XP level 3. HP: 23/23 MP: 4/4
  1529 | D:2      | Reached skill level 4 in Long Blades
  2235 | D:3      | Reached XP level 4. HP: 20/28 MP: 5/5
  2242 | D:3      | Identified the +8 short sword of Plog {vorpal, Str+4 Dex+2}
  2341 | D:3      | Found a white marble altar of Elyvilon.
  2387 | D:3      | Killed from afar by an orc priest

Illustrated notes

Levels and vault maps discovered:
D:1:      psy_arrival_fountain, layout_rooms, serial_shops, shop_coins,
          dreamdust_ecumenical_altar_drowned_temple
D:2:      layout_basic
D:3:      layout_rooms, elyvilon_altar_3, mainiacjoe_overflow_brackets,
          uniq_terence

Skill      XL: |  1  2  3 |
---------------+----------+-----
Long Blades    | 4 |  4.2
Fighting       | |  3.4
Dodging        | |  3.8
Stealth        | |  2.6

Action                   |  1- 3 |  4- 6 || total
-------------------------+-------+-------++-------
Melee: Falchion          |    83 |     1 ||    84
       Peck              |    18 |       ||    18
       Kick              |    13 |       ||    13
       Short sword       |       |     7 ||     7
  Use: Scroll            |     6 |       ||     6
       Potion            |     2 |       ||     2
 Stab: Sleeping          |     4 |       ||     4
       Invisible         |     1 |     1 ||     2
       Distracted        |     1 |       ||     1
Armor: Robe              |     7 |       ||     7
Dodge: Dodged            |    62 |     4 ||    66

Table legend: (Time is in decaauts)
 A = Elapsed time spent in this place.
 B = Non-inter-level travel time spent in this place.
 C = Inter-level travel time spent in this place.
 D = Time resting spent in this place.
 E = Time spent auto-exploring this place.
 F = Levels seen in this place.
 G = Mean time per level.
                   A        B        C        D        E       F      G
               +--------+--------+--------+--------+--------+-----+--------+
         Total |   2402 |   2361 |     41 |    465 |   1581 |   3 |  800.7 |
       Dungeon |   2402 |   2361 |     41 |    465 |   1581 |   3 |  800.7 |
               +--------+--------+--------+--------+--------+-----+--------+

Top non-repeatable levels by time:
     D:1: 1019 daAuts
     D:2: 987 daAuts
     D:3: 395 daAuts
